 Dungeon Crawl Stone Soup version 0.21.1-1-g345015f (webtiles) character file.

44 letownia2 the Charmwright (level 3, 11/27 HPs)
             Began as a Merfolk Skald on Mar 14, 2018.
             Quit the game on level 4 of the Dungeon.
             The game lasted 00:02:47 (516 turns).

letownia2 the Charmwright (Merfolk Skald)            Turns: 516, Time: 00:02:47

Health: 11/27      AC:  3    Str: 11    XL:     3   Next: 62%
Magic:  6/6        EV: 12    Int: 13    God:
Gold:   44         SH:  0    Dex: 13    Spells: 0/6 levels left

rFire    . . .     SeeInvis .   a - +0 spear
rCold    . . .     Gourm    .   (no shield)
rNeg     . . .     Faith    .   b - +0 leather armour
rPois    .         Spirit   .   (no helmet)
rElec    .         Reflect  .   (no cloak)
rCorr    .         Harm     .   (no gloves)
MR       .....                  (no boots)
Stlth    +.........             (no amulet)
HPRegen  0.09/turn              (no ring)
MPRegen  0.10/turn              (no ring)

@: no status effects
A: change form in water, swift swim, stealthy swim
a: no special abilities


You were on level 4 of the Dungeon.
You were not hungry.

You visited 1 branch of the dungeon, and saw 5 of its levels.

You collected 44 gold pieces.

Inventory:

Hand Weapons
 a - a +0 spear (weapon)
Armour
 b - a +0 leather armour (worn)
Wands
 j - a wand of disintegration (23)
Scrolls
 e - a scroll of immolation {unknown}
 h - a scroll of teleportation {unknown}
 i - a scroll of magic mapping {unknown}
 k - a scroll of remove curse {unknown}
Potions
 f - a potion of brilliance {unknown}
 g - a potion of might {unknown}
Books
 c - a book of Battle

   Spells                             Type                      Level
   a - Infusion                       Charms                       1
   b - Shroud of Golubria             Charms/Translocation         2
   c - Song of Slaying                Charms                       2
   d - Spectral Weapon                Hexes/Charms                 3
   e - Regeneration                   Charms/Necromancy            3
Comestibles
 d - 2 rations


   Skills:
 - Level 2.1 Fighting
 - Level 3.0 Polearms
 - Level 0.6 Armour
 - Level 2.6 Dodging
 - Level 2.0 Spellcasting
 + Level 0.2 Hexes
 + Level 3.9 Charms
 - Level 2.0 Translocations


You couldn't memorise any spells.
You knew the following spells:

 Your Spells              Type           Power        Failure   Level  Hunger
a - Infusion              Chrm           ##..         7%          1    ##.....
t - Shroud of Golubria    Chrm/Tloc      #.........   16%         2    ###....
x - Spectral Weapon       Hex/Chrm       #.......     41%         3    ####...


Dungeon Overview and Level Annotations

Branches:
Dungeon (5/15)
 Temple: D:4-7

Altars:
Dithmenos

Annotations:
D:2 Sigmund
D:3 letownia2's ghost, weakling MfSk


Message History

The orc is severely wounded.
The orc closely misses you.
You are too injured to fight recklessly!
You hit the orc.
You kill the orc!
You are too injured to fight recklessly!
Things that are here:
a mace; a giant cockroach corpse You are too injured to fight recklessly!
You are too injured to fight recklessly!
Your magical contamination has completely faded away.
Things that are here:
a mace; a giant cockroach corpse
k - a scroll labeled LIHANOGASH You open the door.
There is an open door here.
Magic restored.
Assign waypoint to what number? (0-9)
Okay, then.
Are you sure you want to abandon this character and quit the game? (Confirm with "yes".)

#......### #......#
#......# ... #......#
......# #......#
......####......#
.............###
........(...#
#........@.#
#..........#
########..........#
###
.......'..........#
#<#
######.#..........#
#.#
#+#...........###.##
......#'###+###......#
......#.#
#.##.(..#..#####
......#.#
#......###.....#


There were no monsters in sight!

Vanquished Creatures
  An orc wizard (D:3)
  A worm (D:3)
  A dart slug (D:3)
  A leopard gecko (D:4)
  3 orcs
  A giant cockroach (D:4)
  A goblin (D:3)
  A quokka (D:3)
  A quokka skeleton (D:4)
  A rat (D:2)
12 creatures vanquished.

Notes
Turn   | Place    | Note
-------+----------+-------------------------------------------
     0 | D:1      | letownia2 the Merfolk Skald began the quest for the Orb.
     0 | D:1      | Reached XP level 1. HP: 16/16 MP: 3/3
    71 | D:2      | Noticed Sigmund
    99 | D:3      | Noticed letownia2's ghost (weakling MfSk)
   111 | D:4      | Found a shadowy altar of Dithmenos.
   191 | D:3      | Reached XP level 2. HP: 14/22 MP: 0/5
   232 | D:3      | Learned a level 2 spell: Shroud of Golubria
   331 | D:3      | Reached skill level 1 in Translocations
   349 | D:3      | Reached XP level 3. HP: 7/27 MP: 0/6
   354 | D:3      | Learned a level 3 spell: Spectral Weapon
   423 | D:5      | Entered Level 5 of the Dungeon
   516 | D:4      | Quit the game

Skill      XL: |  1  2 |
---------------+-------+-----
Translocations | 2 |  2.0
Fighting       | |  2.1
Polearms       | |  3.0
Armour         | |  0.6
Dodging        | |  2.6
Spellcasting   | |  2.0
Hexes          | |  0.2
Charms         | |  3.9

Action                   || total
-------------------------++-------
Melee: Spear             ||    61
 Cast: Infusion          ||     5
       Shroud of Golubri ||     2
 Stab: Distracted        ||     1
Armor: Leather armour    ||    13
Dodge: Dodged            ||    17
